 Dungeon Crawl Stone Soup version 0.30.0-5-g1a98f26d00 (webtiles) character file.

Game seed: 14995100524922946953

548 Foic the Poker (level 7, -13/90 HPs)
             Began as a Gnoll Chaos Knight on May 8, 2023.
             Was a Plaything of Xom.
             Mangled by a troll (18 damage)
             ... on level 4 of the Dungeon.
             The game lasted 00:20:38 (2832 turns).

Foic the Poker (Gnoll Chaos Knight)                 Turns: 2832, Time: 00:20:40

Health: -13/90     AC:  9    Str: 11    XL:     7   Next: 28%
Magic:  7/10       EV:  7    Int: 10    God:    Xom [.*....]
Gold:   195        SH:  0    Dex: 13    Spells: 11/11 levels left

rFire   . . .        a - +3 spear (chaos)
rCold   . . .        (no shield)
rNeg    . . .        s - +0 chain mail
rPois   +            (no helmet)
rElec   .            (no cloak)
rCorr   .            (no gloves)
SInv    .            (no boots)
Will    .....        k - amulet of regeneration Stlth
                     f - ring of poison resistance
HPRegen 1.15/turn    (no ring)
MPRegen 0.12/turn

%: no passive effects
@: berserking, liquefying, slowed movement, very quick
A: fangs 1, strong nose, distributed training, dopey 1, subdued magic 1,
MP-powered wands
a: Renounce Religion


You were on level 4 of the Dungeon.
You worshipped Xom.
You were a plaything of Xom.
You visited 1 branch of the dungeon, and saw 5 of its levels.

You collected 195 gold pieces.

Inventory:

Hand Weapons
 a - a +3 spear of chaos (weapon)
 i - a +2 dagger of venom
Missiles
 d - 7 poisoned darts
 l - 4 boomerangs (quivered)
 n - 13 stones
Armour
 b - a +2 leather armour
 m - a +0 ring mail
 s - a +0 chain mail (worn)
Jewellery
 f - a ring of poison resistance (left hand)
 g - an amulet of guardian spirit
 k - an amulet of regeneration (around neck)
Wands
 j - a wand of flame (11)
Scrolls
 e - a scroll of brand weapon {unknown}
 h - a scroll of torment {unknown}
 r - a scroll of enchant weapon
Potions
 p - 2 potions of curing
Miscellaneous
 c - a piece from Xom's chessboard (15/15)


   Skills:
 + Level 7.0 Fighting
 + Level 2.5 Short Blades
 + Level 2.5 Long Blades
 + Level 2.5 Axes
 + Level 2.5 Maces & Flails
 + Level 7.0 Polearms
 + Level 2.5 Staves
 + Level 2.5 Ranged Weapons
 + Level 2.5 Throwing
 + Level 5.2 Armour
 + Level 3.6 Dodging
 + Level 2.5 Stealth
 + Level 2.5 Shields
 + Level 2.5 Unarmed Combat
 + Level 2.5 Spellcasting
 + Level 2.0 Conjurations
 + Level 2.0 Hexes
 + Level 2.0 Summonings
 + Level 2.0 Necromancy
 + Level 2.0 Translocations
 + Level 2.0 Transmutations
 + Level 2.0 Fire Magic
 + Level 2.0 Ice Magic
 + Level 2.0 Air Magic
 + Level 2.0 Earth Magic
 + Level 2.0 Poison Magic
 + Level 2.7 Invocations
 + Level 2.5 Evocations


You had 11 spell levels left.
You didn't know any spells.
Your spell library was empty.

Dungeon Overview and Level Annotations

Branches:
Dungeon (5/15)
 Temple: D:4-7

Altars:
Vehumet
The Shining One

Shops:
D:2 [   D:4 =


Innate Abilities, Weirdness & Mutations

You have very sharp teeth.
Your uncanny sense of smell can sniff out nearby items.
Your experience applies equally to all skills.
You are dopey. (Int -2)
Your spells are a little easier to cast, but a little less powerful.
You expend magic power (3 MP) to strengthen your wands.


Message History

The troll bites you.
* * * LOW HITPOINT WARNING * * *
The troll claws you!
* * * LOW HITPOINT WARNING * * *
The troll claws you but does no damage.
You puncture the troll! You freeze the troll.
The troll is heavily wounded.
Xom makes a sudden noise!
You hear strange voices.
The troll becomes momentarily stuck in the liquid earth.
The troll claws you but does no damage.
The troll becomes momentarily stuck in the liquid earth.
You hit the troll.
The troll goes berserk!
The troll is heavily wounded.
The troll barely misses you. x2
The troll becomes momentarily stuck in the liquid earth.
You hit the troll.
The troll is heavily wounded.
You hit the troll. Lightning courses through the troll!
The troll is severely wounded.
The troll becomes momentarily stuck in the liquid earth. x2
The troll claws you.
* * * LOW HITPOINT WARNING * * *
You barely miss the troll. You bite the troll!
The troll is almost dead.
The troll barely misses you.
The troll becomes momentarily stuck in the liquid earth.
The troll claws you but does no damage.
You closely miss the troll.
The troll is almost dead.
The troll barely misses you. The troll completely misses you.
The troll claws you but does no damage.
You closely miss the troll.
The troll is almost dead.
You hit the troll.
The troll is poisoned.
The troll is almost dead.
The troll bites you!
* * * LOW HITPOINT WARNING * * *
The troll barely misses you. The troll claws you!!
You die...
Xom chuckles heartily!

#.# #.###.....#.#............
#.###.##........#............
#.##..##........#............
#.##.###.....................
#....# ##.....##....>........
#..### #.......#######.###...
#..# #.......# #.#..... #..#
#.......# #...#### ####
##..T@.## #..## # ##>..##
##.# ##### #.# ###


You could see a troll (berserk, very poisoned, struggling).

Vanquished Creatures
  2 ogres (D:4)
  A phantom (D:5)
  An orc wizard (D:2)
  4 gnolls (D:3)
  8 adders
  3 worms (D:3)
  2 dart slugs
  10 orcs
  8 endoplasms
  A giant cockroach (D:2)
  7 goblins
  2 hobgoblins
  3 jackals (D:4)
  4 kobolds
  3 quokkas
  7 ball pythons
  2 bats (D:1)
  6 frilled lizards
  6 rats
80 creatures vanquished.

Vanquished Creatures (collateral kills)
  An ogre (D:4)
1 creature vanquished.

Grand Total: 81 creatures vanquished

Notes
Turn   | Place    | Note
-------+----------+-------------------------------------------
     0 | D:1      | Foic the Gnoll Chaos Knight began the quest for the Orb.
     0 | D:1      | Reached XP level 1. HP: 23/23 MP: 1/1
   277 | D:1      | Reached XP level 2. HP: 29/29 MP: 2/2
   550 | D:1      | XOM: god gift: amulet of guardian spirit
   822 | D:1      | XOM is BORED!
   822 | D:1      | XOM: summons 4 hostile shadow creatures
   986 | D:2      | Found a faded altar of an unknown god.
  1012 | D:2      | XOM: 7-stop teleportation journey
  1141 | D:2      | Reached XP level 3. HP: 35/35 MP: 3/3
  1214 | D:2      | XOM: god gift: scroll labelled MOKEIWEAHU {god gift}
  1449 | D:2      | Found Suxo's Antique Armour Boutique.
  1607 | D:2      | Reached skill level 1 in Invocations
  1614 | D:3      | XOM: cast spell 'Cause Fear'
  1639 | D:2      | Reached skill level 1 in Short Blades
  1639 | D:2      | Reached skill level 1 in Long Blades
  1639 | D:2      | Reached skill level 1 in Axes
  1639 | D:2      | Reached skill level 1 in Maces & Flails
  1639 | D:2      | Reached skill level 1 in Staves
  1639 | D:2      | Reached skill level 1 in Ranged Weapons
  1639 | D:2      | Reached skill level 1 in Throwing
  1639 | D:2      | Reached skill level 1 in Stealth
  1639 | D:2      | Reached skill level 1 in Shields
  1639 | D:2      | Reached skill level 1 in Unarmed Combat
  1639 | D:2      | Reached skill level 1 in Spellcasting
  1639 | D:2      | Reached skill level 1 in Evocations
  1639 | D:2      | Reached XP level 4. HP: 16/41 MP: 5/5
  1673 | D:3      | XOM: 3-stop teleportation journey
  1677 | D:3      | Found a radiant altar of Vehumet.
  1695 | D:3      | XOM: 2-stop teleportation journey
  1741 | D:3      | Reached skill level 1 in Conjurations
  1741 | D:3      | Reached skill level 1 in Hexes
  1741 | D:3      | Reached skill level 1 in Summonings
  1741 | D:3      | Reached skill level 1 in Necromancy
  1741 | D:3      | Reached skill level 1 in Translocations
  1741 | D:3      | Reached skill level 1 in Transmutations
  1741 | D:3      | Reached skill level 1 in Fire Magic
  1741 | D:3      | Reached skill level 1 in Ice Magic
  1741 | D:3      | Reached skill level 1 in Air Magic
  1741 | D:3      | Reached skill level 1 in Earth Magic
  1741 | D:3      | Reached skill level 1 in Poison Magic
  1862 | D:3      | Found a glowing golden altar of the Shining One.
  1865 | D:3      | XOM: polymorph orc priest -> adder
  2006 | D:3      | Reached XP level 5. HP: 47/47 MP: 7/7
  2012 | D:3      | XOM: potion effect (berserk rage)
  2025 | D:3      | XOM: confuse monster(s)
  2106 | D:3      | XOM: noise
  2208 | D:3      | XOM: divination: detect items
  2273 | D:4      | Found Siangia's Jewellery Emporium.
  2282 | D:4      | XOM: silly message
  2299 | D:4      | XOM: confuse monster(s)
  2478 | D:4      | Noticed an ogre
  2496 | D:4      | Killed an ogre
  2497 | D:4      | Reached skill level 5 in Armour
  2497 | D:4      | Reached XP level 6. HP: 53/53 MP: 7/9
  2611 | D:4      | XOM: summons 4 friendly demons
  2619 | D:4      | Reached XP level 7. HP: 60/60 MP: 10/10
  2783 | D:5      | Entered Level 5 of the Dungeon
  2813 | D:5      | Noticed a troll
  2817 | D:5      | XOM: divination: detect creatures
  2822 | D:4      | Gained mutation: You are dopey. (Int -2) [potion of
                  | mutation]
  2822 | D:4      | Gained mutation: Your spells are a little easier to cast,
                  | but a little less powerful. [potion of mutation]
  2822 | D:4      | Gained mutation: You expend magic power (3 MP) to
                  | strengthen your wands. [potion of mutation]
  2824 | D:4      | XOM: cast spell 'Leda's Liquefaction'
  2825 | D:4      | XOM: noise
  2832 | D:4      | Mangled by a troll

Illustrated notes

Levels and vault maps discovered:
D:1:      dpeg_arrival_long_road, layout_basic
D:2:      layout_basic, serial_shops, shop,
          hellmonk_ecumenical_altar_pennies_from_heaven
D:3:      layout_basic, vehumet_altar_wand_db, mainiacjoe_overflow_paths
D:4:      layout_rooms, serial_shops, shop
D:5:      layout_basic, grunt_qazlal_clouds, minmay_temple_entry_slanted,
          nrook_mini_backslash, chequers_serial_rivers_micro_a,
          uniq_blork_the_orc

Skill      XL: |  1  2  3  4  5  6  7 |
---------------+----------------------+-----
Invocations    | 1 2 |  2.7
Short Blades   | 1 2 |  2.5
Long Blades    | 1 2 |  2.5
Axes           | 1 2 |  2.5
Maces & Flails | 1 2 |  2.5
Staves         | 1 2 |  2.5
Ranged Weapons | 1 2 |  2.5
Throwing       | 1 2 |  2.5
Stealth        | 1 2 |  2.5
Shields        | 1 2 |  2.5
Unarmed Combat | 1 2 |  2.5
Spellcasting   | 1 2 |  2.5
Evocations     | 1 2 |  2.5
Conjurations   | 1 2 |  2.0
Hexes          | 1 2 |  2.0
Summonings     | 1 2 |  2.0
Necromancy     | 1 2 |  2.0
Translocations | 1 2 |  2.0
Transmutations | 1 2 |  2.0
Fire Magic     | 1 2 |  2.0
Ice Magic      | 1 2 |  2.0
Air Magic      | 1 2 |  2.0
Earth Magic    | 1 2 |  2.0
Poison Magic   | 1 2 |  2.0
Dodging        | 3 |  3.6
Armour         | 5 |  5.2
Fighting       | 7 |  7.0
Polearms       | 7 |  7.0

Action                     |  1- 3 |  4- 6 |  7- 9 || total
---------------------------+-------+-------+-------++-------
  Melee: Spear             |   116 |   126 |    27 ||   269
         Bite              |     5 |     3 |     1 ||     9
         Punch             |       |     1 |     1 ||     2
  Throw: Stone             |    14 |    13 |       ||    27
         Boomerang         |       |    34 |     1 ||    35
  Evoke: Piece from Xom's  |     1 |       |       ||     1
         Wand              |       |       |     1 ||     1
    Use: Potion            |     3 |       |     2 ||     5
         Scroll            |     6 |     1 |       ||     7
   Stab: Confused          |     1 |       |     1 ||     2
         Sleeping          |       |     1 |       ||     1
         Distracted        |       |     1 |       ||     1
 Armour: Leather armour    |    31 |     6 |       ||    37
         Ring mail         |       |    10 |       ||    10
         Chain mail        |       |       |    14 ||    14
  Dodge: Dodged            |    47 |    36 |    12 ||    95
